 Dungeon Crawl Stone Soup version 0.30-a0-989-g0d87f670db (webtiles) character file.

Game seed: 5390015839997011647

379 Pooter the Cruncher (level 6, -1/47 HPs)
             Began as a Gnoll Wanderer on Apr 3, 2023.
             Slain by retardedninja's ghost (8 damage)
             ... on level 4 of the Dungeon.
             The game lasted 00:21:40 (4361 turns).

Pooter the Cruncher (Gnoll Wanderer)                Turns: 4361, Time: 00:21:40

Health: -1/47      AC:  3    Str:  9    XL:     6   Next: 74%
Magic:  9/9        EV: 12    Int: 10    God:
Gold:   162        SH:  5    Dex: 17    Spells: 6/9 levels left

rFire   . . .      SeeInvis .    a - +2 quarterstaff
rCold   . . .      Faith    .    (shield currently unavailable)
rNeg    . . .      Spirit   .    f - +0 leather armour
rPois   .          Reflect  +    (no helmet)
rElec   .          Rampage  .    (no cloak)
rCorr   .                        (no gloves)
Will    .....                    (no boots)
Stlth   ++                       x - amulet of reflection
HPRegen 0.27/turn                (no ring)
MPRegen 0.11/turn                (no ring)

@: no status effects
A: fangs 1, strong nose, distributed training
a: no special abilities


You were on level 4 of the Dungeon.
You visited 1 branch of the dungeon, and saw 4 of its levels.

You collected 162 gold pieces.

Inventory:

Hand Weapons
 a - a +2 quarterstaff (weapon)
 d - a +0 dagger
 j - a +1 dagger of pain
   (You took it off a goblin on level 1 of the Dungeon)
 s - the +4 short sword of Wisdom {venom, Str+3}
   (You found it on level 2 of the Dungeon)

   Str:       It affects your strength (+3).
 v - a +0 war axe
   (You took it off an orc on level 3 of the Dungeon)
Missiles
 c - 15 poisoned darts (quivered)
 k - 2 boomerangs
 Q - 61 stones
Armour
 f - a +0 leather armour (worn)
 m - a +0 chain mail
   (You found it on level 1 of the Dungeon)
Jewellery
 x - an amulet of reflection (around neck)
   (You found it on level 3 of the Dungeon)
Wands
 A - a wand of polymorph (7)
   (You found it on level 3 of the Dungeon)
 G - a wand of mindburst (14)
   (You found it on level 4 of the Dungeon)
Scrolls
 e - 3 scrolls of fear
 h - a scroll of poison {!r}
 q - 2 scrolls of enchant weapon
 r - a scroll of enchant armour {unknown}
 t - 3 scrolls of teleportation {@r4}
 u - a scroll of magic mapping {unknown}
 w - a scroll of fog
 y - a scroll of immolation {!r}
 C - 2 scrolls of noise {unknown}
 D - a scroll of butterflies
Potions
 g - a potion of ambrosia {unknown}
 l - a potion of degeneration {unknown}
 n - a potion of attraction {unknown}
 o - a potion of curing {unknown}
 p - a potion of brilliance {unknown}
 z - a potion of haste {unknown}
 B - a potion of mutation {unknown}
 E - a potion of flight {unknown}
 F - a potion of lignification {unknown}


   Skills:
 + Level 3.4 Fighting
 + Level 2.2 Short Blades
 + Level 2.2 Long Blades
 + Level 2.2 Axes
 + Level 2.2 Maces & Flails
 + Level 2.2 Polearms
 + Level 8.8 Staves
 + Level 2.2 Ranged Weapons
 + Level 5.1 Throwing
 + Level 5.1 Armour
 + Level 2.2 Dodging
 + Level 2.2 Stealth
 + Level 2.2 Shields
 + Level 2.2 Unarmed Combat
 + Level 2.2 Spellcasting
 + Level 1.7 Conjurations
 + Level 1.7 Hexes
 + Level 1.7 Summonings
 + Level 1.7 Necromancy
 + Level 1.7 Translocations
 + Level 1.7 Transmutations
 + Level 1.7 Fire Magic
 + Level 1.7 Ice Magic
 + Level 1.7 Air Magic
 + Level 1.7 Earth Magic
 + Level 1.7 Poison Magic
 + Level 3.5 Invocations
 + Level 2.2 Evocations


You had 6 spell levels left.
You knew the following spells:

 Your Spells              Type           Power      Damage    Failure   Level
a - Beastly Appendage     Tmut           8%         N/A       21%         1
b - Poisonous Vapours     Pois/Air       8%         N/A       30%         2

Your spell library contained the following spells:

 Spells                   Type           Power      Damage    Failure   Level
 Sting                    Tmut/Pois      16%        1d3       21%         1
 Wereblood                Tmut           4%         N/A       30%         2
 Spider Form              Tmut/Pois      4%         N/A       52%         3
 Olgreb's Toxic Radiance  Pois           4%         N/A       89%         4


Dungeon Overview and Level Annotations

Branches:
Dungeon (4/15)
 Temple: D:4-7

Altars:
Xom

Annotations:
D:4 retardedninja's ghost, amateur AtFi


Innate Abilities, Weirdness & Mutations

You have very sharp teeth.
Your uncanny sense of smell can sniff out nearby items.
Your experience applies equally to all skills.


Message History

The howler monkey skeleton hits you but does no damage.
You block retardedninja's ghost's attack.
The howler monkey skeleton hits you.
You hit retardedninja's ghost. Retardedninja's ghost hits you!
* * * LOW HITPOINT WARNING * * *
The howler monkey skeleton misses you.
The howler monkey skeleton hits you but does no damage.
You barely miss retardedninja's ghost.
You bite retardedninja's ghost, but do no damage.
Retardedninja's ghost misses you. The howler monkey skeleton hits you.
* * * LOW HITPOINT WARNING * * *
The howler monkey skeleton hits you but does no damage.
You hit retardedninja's ghost.
You block the howler monkey skeleton's attack.
Retardedninja's ghost closely misses you.
The howler monkey skeleton barely misses you.
You hit retardedninja's ghost. Retardedninja's ghost hits you!
* * * LOW HITPOINT WARNING * * *
The howler monkey skeleton barely misses you.
You block the howler monkey skeleton's attack.
You feel much better. Retardedninja's ghost hits you!
* * * LOW HITPOINT WARNING * * *
The howler monkey skeleton misses you. x2
You hit retardedninja's ghost. Retardedninja's ghost hits you.
* * * LOW HITPOINT WARNING * * *
The howler monkey skeleton closely misses you.
The howler monkey skeleton hits you but does no damage.
You barely miss retardedninja's ghost.
Unknown command.
You hit retardedninja's ghost.
You bite retardedninja's ghost, but do no damage.
Retardedninja's ghost closely misses you.
You block the howler monkey skeleton's attack.
The howler monkey skeleton closely misses you.
Unknown command.
You sock retardedninja's ghost!
The howler monkey skeleton barely misses you.
Retardedninja's ghost says, "I am invincible!"
Retardedninja's ghost hits you!
* * * LOW HITPOINT WARNING * * *
The howler monkey skeleton closely misses you.
You feel much better.
The howler monkey skeleton barely misses you.
Retardedninja's ghost hits you!
* * * LOW HITPOINT WARNING * * *
The howler monkey skeleton hits you.
* * * LOW HITPOINT WARNING * * *
You hit retardedninja's ghost but do no damage.
Retardedninja's ghost hits you!
You die...

#.....# #####.#..
#.....#####...).#.#
#.....'......####..
#.....#####..# ###
#####.# ##..## #
####.# #....# #
###....# #....# #
#......# #....# #
#..@...####....#####
###ZWZ###..'....'....
#...Z..[####>...#####
##.....## ######
#.......# ##..):.##
#..#.#.. #########


You could see retardedninja's ghost, a wyvern skeleton and 2 howler monkey
skeletons.

Vanquished Creatures
  A scorpion (D:4)
  A killer bee (D:4)
  A sleepcap (D:3)
  Jessica (D:2)
  An iguana (D:4)
  8 adders
  5 worms
  5 orcs
  5 bats
  4 endoplasms
  6 giant cockroaches
  6 goblins
  6 hobgoblins
  12 jackals
  5 quokkas
  19 ball pythons
  3 frilled lizards
  6 kobolds
  6 rats
101 creatures vanquished.

Notes
Turn   | Place    | Note
-------+----------+-------------------------------------------
     0 | D:1      | Pooter the Gnoll Wanderer began the quest for the Orb.
     0 | D:1      | Pooter set off with the following items: a +2 quarterstaff,
                  | 11 poisoned darts, a +0 dagger, a scroll of fear, a +0
                  | leather armour, a scroll of teleportation {@r4}.
     0 | D:1      | Reached XP level 1. HP: 17/17 MP: 2/2
   174 | D:1      | Reached XP level 2. HP: 22/23 MP: 3/3
   731 | D:1      | Reached XP level 3. HP: 28/28 MP: 4/4
  1052 | D:1      | Reached skill level 1 in Short Blades
  1052 | D:1      | Reached skill level 1 in Long Blades
  1052 | D:1      | Reached skill level 1 in Axes
  1052 | D:1      | Reached skill level 1 in Maces & Flails
  1052 | D:1      | Reached skill level 1 in Polearms
  1052 | D:1      | Reached skill level 1 in Ranged Weapons
  1052 | D:1      | Reached skill level 1 in Dodging
  1052 | D:1      | Reached skill level 1 in Stealth
  1052 | D:1      | Reached skill level 1 in Shields
  1052 | D:1      | Reached skill level 1 in Unarmed Combat
  1052 | D:1      | Reached skill level 1 in Spellcasting
  1052 | D:1      | Reached skill level 1 in Evocations
  1280 | D:2      | Reached XP level 4. HP: 34/34 MP: 6/6
  1299 | D:2      | Found a shimmering altar of Xom.
  1321 | D:2      | Learned a level 1 spell: Beastly Appendage
  1403 | D:2      | Noticed Jessica
  1415 | D:2      | Killed Jessica
  1416 | D:2      | Reached skill level 1 in Conjurations
  1416 | D:2      | Reached skill level 1 in Hexes
  1416 | D:2      | Reached skill level 1 in Summonings
  1416 | D:2      | Reached skill level 1 in Necromancy
  1416 | D:2      | Reached skill level 1 in Translocations
  1416 | D:2      | Reached skill level 1 in Transmutations
  1416 | D:2      | Reached skill level 1 in Fire Magic
  1416 | D:2      | Reached skill level 1 in Ice Magic
  1416 | D:2      | Reached skill level 1 in Air Magic
  1416 | D:2      | Reached skill level 1 in Earth Magic
  1416 | D:2      | Reached skill level 1 in Poison Magic
  1537 | D:2      | Identified the +4 short sword of Wisdom {venom, Str+3}
  1893 | D:2      | Reached XP level 5. HP: 40/40 MP: 7/7
  2140 | D:3      | Learned a level 2 spell: Poisonous Vapours
  2142 | D:3      | Found a shimmering altar of Xom.
  3213 | D:4      | Reached skill level 5 in Throwing
  3213 | D:4      | Reached skill level 5 in Armour
  3213 | D:4      | Reached XP level 6. HP: 47/47 MP: 8/8
  4110 | D:4      | Found a runed translucent gate.
  4116 | D:4      | Found a runed translucent gate.
  4116 | D:4      | Found a runed translucent gate.
  4119 | D:4      | Noticed retardedninja's ghost (amateur AtFi)
  4354 | D:4      | HP: 2/47 [retardedninja's ghost (14)]
  4361 | D:4      | Slain by retardedninja's ghost

Illustrated notes

Levels and vault maps discovered:
D:1:      amcnicky_arrival_single_pillar, layout_loops_corners,
          hangedman_feature_mirror
D:2:      layout_loops_ring, basic_altar, amcnicky_mini_pool_small,
          minmay_tiny_reverse_x, uniq_jessica
D:3:      wad_crossroads, layout_basic, xom_teletrap_fun, minmay_misc_feat_rows,
          chequers_avenue
D:4:      layout_basic, gammafunk_ghost_necromancy, minmay_snake_closets

Skill      XL: |  1  2  3  4  5  6 |
---------------+-------------------+-----
Short Blades   | 1 2 |  2.2
Long Blades    | 1 2 |  2.2
Axes           | 1 2 |  2.2
Maces & Flails | 1 2 |  2.2
Polearms       | 1 2 |  2.2
Ranged Weapons | 1 2 |  2.2
Dodging        | 1 2 |  2.2
Stealth        | 1 2 |  2.2
Shields        | 1 2 |  2.2
Unarmed Combat | 1 2 |  2.2
Spellcasting   | 1 2 |  2.2
Evocations     | 1 2 |  2.2
Conjurations   | 1 |  1.7
Hexes          | 1 |  1.7
Summonings     | 1 |  1.7
Necromancy     | 1 |  1.7
Translocations | 1 |  1.7
Transmutations | 1 |  1.7
Fire Magic     | 1 |  1.7
Ice Magic      | 1 |  1.7
Air Magic      | 1 |  1.7
Earth Magic    | 1 |  1.7
Poison Magic   | 1 |  1.7
Invocations    | 3 |  3.5
Fighting       | 3 |  3.4
Throwing       | 5 |  5.1
Armour         | 5 |  5.1
Staves         | |  8.8

Action                     |  1- 3 |  4- 6 || total
---------------------------+-------+-------++-------
  Melee: Quarterstaff      |    53 |   158 ||   211
         Bite              |     6 |    16 ||    22
  Throw: Dart              |    37 |    56 ||    93
         Boomerang         |       |     2 ||     2
  Evoke: Wand              |       |     1 ||     1
    Use: Scroll            |     1 |     5 ||     6
         Potion            |       |     2 ||     2
   Stab: Sleeping          |     1 |     4 ||     5
 Armour: Leather armour    |    10 |    20 ||    30
         Chain mail        |    10 |       ||    10
  Dodge: Dodged            |    31 |    93 ||   124
  Block: Other             |       |    25 ||    25
         Reflection        |       |     1 ||     1

Table legend: (Time is in decaauts)
 A = Elapsed time spent in this place.
 B = Non-inter-level travel time spent in this place.
 C = Inter-level travel time spent in this place.
 D = Time resting spent in this place.
 E = Time spent auto-exploring this place.
 F = Levels seen in this place.
 G = Mean time per level.
                   A        B        C        D        E       F      G
               +--------+--------+--------+--------+--------+-----+--------+
         Total |   4313 |   4195 |    118 |    484 |   2879 |   4 | 1078.2 |
       Dungeon |   4313 |   4195 |    118 |    484 |   2879 |   4 | 1078.2 |
               +--------+--------+--------+--------+--------+-----+--------+

Top non-repeatable levels by time:
     D:4: 1138 daAuts
     D:3: 1113 daAuts
     D:1: 1092 daAuts
     D:2: 968 daAuts
